[Event "ICC tourney 2395 (75 10)"]
[Site "Internet Chess Club"]
[Date "2021.02.20"]
[Round "3"]
[White "NYHernandez"]
[Black "Loftiss82"]
[Result "1-0"]
[ICCResult "Black checkmated"]
[WhiteElo "1335"]
[BlackElo "1342"]
[Opening "Sicilian"]
[ECO "B56"]
[NIC "SI.25"]
[Time "18:01:36"]
[PlyCount "65"]
[TimeControl "4500+10"]

1. e4 c5 2. Nf3 d6 3. d4 cxd4 4. Nxd4 Nc6 5. Nc3 Nf6 6. f3 a6 7. Be3 g6 8.
Qd2 Bg7 9. O-O-O O-O 10. g4 Qa5 11. g5 Ne8 12. h4 Nxd4 13. Bxd4 e5 14. Be3
Be6 15. Kb1 b5 16. h5 b4 17. Nd5 Bxd5 18. exd5 Nc7 19. hxg6 fxg6 20. Bh3
Rxf3 21. Rdf1 Raf8 22. Rxf3 Rxf3 23. Qe2 e4 24. Be6+ Kf8 25. Rf1 Ke7 26.
Bg8 Nxd5 27. Rxf3 Bxb2 28. Bd4 Bxd4 29. Qxe4+ Be5 30. Qxd5 Qb6 31. Qe6+ Kd8
32. Rf8+ Kc7 33. Qc8# { Black checkmated } 1-0

[Event "ICC tourney 2395 (75 10)"]
[Site "Internet Chess Club"]
[Date "2021.02.20"]
[Round "3"]
[White "chessprogidy"]
[Black "Fredzhang"]
[Result "0-1"]
[ICCResult "White resigns"]
[WhiteElo "1341"]
[BlackElo "1499"]
[Opening "Queen's pawn, Mason variation"]
[ECO "D00"]
[NIC "QP.08"]
[Time "18:01:32"]
[PlyCount "126"]
[TimeControl "4500+10"]

1. d4 d5 2. Bf4 Nc6 3. Nf3 Nf6 4. e3 Bg4 5. Nbd2 e6 6. Bd3 Bxf3 7. Nxf3 Bd6
8. Ne5 Bxe5 9. dxe5 Nd7 10. Qg4 g6 11. Qg3 Qe7 12. c3 O-O-O 13. Bg5 f6 14.
exf6 Nxf6 15. O-O-O h6 16. Bxf6 Qxf6 17. Qxg6 Qxg6 18. Bxg6 Rdf8 19. Rd2
Rhg8 20. Bc2 Rxg2 21. f4 Rxd2 22. Kxd2 e5 23. f5 Ne7 24. e4 dxe4 25. Bxe4
Nxf5 26. Rf1 Rd8+ 27. Ke2 Nd6 28. Bf3 e4 29. Bg4+ Kb8 30. Rd1 Re8 31. Bh3
Rg8 32. Rd4 a6 33. c4 Rg6 34. c5 Nf7 35. Rxe4 Rg5 36. Re8+ Ka7 37. Re7 Rh5
38. Rxf7 Rxh3 39. Rf2 b6 40. cxb6+ cxb6 41. a3 Rh5 42. Kf1 Kb7 43. Ke2 Kc6
44. Kd2 b5 45. Kc1 Kc5 46. Kc2 a5 47. Rd2 Kc4 48. b3+ Kc5 49. Kb2 b4 50. a4
Rd5 51. Rxd5+ Kxd5 52. Kc2 Ke4 53. Kd2 Kf3 54. Kd3 Kg2 55. h4 h5 56. Kc4
Kg3 57. Kb5 Kxh4 58. Kxa5 Kg4 59. Kxb4 h4 60. a5 h3 61. a6 h2 62. a7 h1=Q
63. Kb5 Qb7+ { White resigns } 0-1

[Event "ICC tourney 2395 (75 10)"]
[Site "Internet Chess Club"]
[Date "2021.02.20"]
[Round "3"]
[White "khriskruel"]
[Black "LW-PE"]
[Result "0-1"]
[ICCResult "White resigns"]
[WhiteElo "1440"]
[BlackElo "1485"]
[Opening "Sicilian: dragon variation"]
[ECO "B70"]
[NIC "SI.15"]
[Time "18:01:28"]
[PlyCount "124"]
[TimeControl "4500+10"]

1. e4 c5 2. Nf3 d6 3. d4 cxd4 4. Nxd4 Nf6 5. Nc3 g6 6. Bg5 Bg7 7. f4 Nc6 8.
h3 O-O 9. Bc4 Qb6 10. Nxc6 bxc6 11. Bb3 Ba6 12. Qd2 Nxe4 13. Nxe4 Bxb2 14.
Rd1 Bg7 15. Qf2 Qb4+ 16. Nd2 Bc3 17. Qe3 e6 18. Rb1 d5 19. Kd1 Qa5 20. Nf3
c5 21. Be7 Rfc8 22. a3 c4 23. Ba2 Rcb8 24. Ke2 Bg7 25. Kf2 Rb7 26. Rxb7
Bxb7 27. Bb4 Qc7 28. g3 d4 29. Qe2 a5 30. Bd2 Ba6 31. Bxa5 Qxa5 32. Bxc4
Qxa3 33. Bxa6 Rxa6 34. Qd3 Qxd3 35. cxd3 Ra2+ 36. Kf1 Kf8 37. Rh2 Rxh2 38.
Nxh2 Ke7 39. Ke2 Kd6 40. Ng4 f5 41. Nh2 Kd5 42. Nf3 e5 43. Nxe5 Bxe5 44.
fxe5 Kxe5 45. Kf3 g5 46. g4 f4 47. Kg2 h6 48. Kf3 Kd6 49. Ke4 Kc5 50. Kf3
Kb4 51. h4 Kc3 52. hxg5 hxg5 53. Ke4 f3 54. Kxf3 Kxd3 55. Kf2 Kd2 56. Kf3
d3 57. Ke4 Kc2 58. Kf5 d2 59. Kxg5 d1=Q 60. Kh6 Qxg4 61. Kh7 Kd3 62. Kh6
Ke4 { White resigns } 0-1

[Event "ICC tourney 2395 (75 10)"]
[Site "Internet Chess Club"]
[Date "2021.02.20"]
[Round "3"]
[White "Deepbrainfinal"]
[Black "awakeprize"]
[Result "0-1"]
[ICCResult "White resigns"]
[WhiteElo "1415"]
[BlackElo "1478"]
[Opening "Queen's pawn game"]
[ECO "A50"]
[NIC "QP.07"]
[Time "18:01:29"]
[PlyCount "114"]
[TimeControl "4500+10"]

1. d4 Nf6 2. c4 c6 3. Nc3 d5 4. e3 e6 5. a3 Be7 6. Nf3 Nbd7 7. Bd3 O-O 8.
O-O dxc4 9. Bxc4 Nb6 10. Bd3 Nbd5 11. Qc2 Nxc3 12. bxc3 c5 13. e4 h6 14.
Bb2 b6 15. e5 Nd7 16. Be4 Rb8 17. Rfe1 Bb7 18. Bh7+ Kh8 19. Re3 Qc7 20. Qd3
c4 21. Qc2 b5 22. Nd2 Rfd8 23. Rh3 Nb6 24. Re1 Na4 25. Bc1 Qa5 26. Ree3 Nb6
27. Nb1 Qa4 28. Reg3 Qxc2 29. Bxc2 Bf8 30. Nd2 a5 31. Ne4 Bxe4 32. Bxe4 a4
33. Kf1 Nd5 34. Bxd5 Rxd5 35. Ke2 Ra8 36. Bb2 Be7 37. f4 Kh7 38. Rf3 g6 39.
g4 Kg7 40. f5 Bg5 41. f6+ Kh7 42. Rhg3 Bh4 43. Rg1 g5 44. Bc1 Kg6 45. Bb2
Ra6 46. Kd2 Rb6 47. Rgf1 Rb7 48. Rf5 Rbd7 49. Kc2 Rd8 50. R1f3 Kh7 51. Rf1
exf5 52. gxf5 Re8 53. e6 Rdd8 54. e7 Rd6 55. Rd1 Rxf6 56. d5 Rxe7 57. d6
Rd7 { White resigns } 0-1

[Event "ICC tourney 2395 (75 10)"]
[Site "Internet Chess Club"]
[Date "2021.02.20"]
[Round "3"]
[White "LOCHAR"]
[Black "Alexkidd"]
[Result "1-0"]
[ICCResult "Black checkmated"]
[WhiteElo "1554"]
[BlackElo "1346"]
[Opening "English opening"]
[ECO "A20"]
[NIC "EO.24"]
[Time "18:01:27"]
[PlyCount "95"]
[TimeControl "4500+10"]

1. c4 e5 2. g3 Nf6 3. Bg2 Nc6 4. Nc3 Bc5 5. e3 O-O 6. Nge2 d6 7. O-O Bf5 8.
d4 exd4 9. exd4 Bb6 10. a3 h6 11. b4 a6 12. h3 Qd7 13. Kh2 Rab8 14. Be3 Ne7
15. Nf4 Bh7 16. c5 Ba7 17. Ra2 d5 18. Nd3 Ng6 19. Ne5 Qe6 20. f4 Ne7 21.
Re2 c6 22. Rfe1 Rfe8 23. Bg1 Qc8 24. Qd2 Qc7 25. Bf2 Ng6 26. g4 Nxe5 27.
dxe5 Nd7 28. Bg3 Qc8 29. f5 Ra8 30. e6 fxe6 31. Rxe6 Rxe6 32. fxe6 Nf6 33.
Bd6 Bb8 34. Qf4 Qe8 35. h4 Bxd6 36. cxd6 Qb8 37. e7 Bg6 38. g5 Nh5 39. Qe5
Be8 40. Bh3 hxg5 41. Be6+ Kh7 42. hxg5 Qa7 43. Kg2 b5 44. Rh1 g6 45. Qf6
Bf7 46. Bxf7 Qe3 47. Rxh5+ gxh5 48. Qh6# { Black checkmated } 1-0

[Event "ICC tourney 2395 (75 10)"]
[Site "Internet Chess Club"]
[Date "2021.02.20"]
[Round "3"]
[White "Coolcat321"]
[Black "JavierDix"]
[Result "1-0"]
[ICCResult "Black resigns"]
[WhiteElo "1471"]
[BlackElo "1422"]
[Opening "English: symmetrical variation"]
[ECO "A37"]
[NIC "EO.28"]
[Time "18:02:20"]
[PlyCount "113"]
[TimeControl "4500+10"]

1. c4 g6 2. Nf3 Bg7 3. g3 c5 4. Bg2 Nc6 5. Nc3 e6 6. O-O Nge7 7. d3 O-O 8.
Ne4 d6 9. Rb1 f5 10. Nc3 a6 11. Be3 Bd7 12. d4 cxd4 13. Nxd4 Rb8 14. Nxc6
bxc6 15. Qxd6 Be8 16. Qxd8 Rxd8 17. Na4 Rb8 18. b3 Bd7 19. Rfd1 Bc8 20. Bd4
Kf7 21. Bxg7 Kxg7 22. Rd6 Kf6 23. Bxc6 Nxc6 24. Rxc6 Rd8 25. Nc3 a5 26. Rd1
Rxd1+ 27. Nxd1 Bd7 28. Rd6 Ke7 29. Rd2 a4 30. Rd3 axb3 31. axb3 Bc6 32. f3
e5 33. Kf2 e4 34. Re3 Kd6 35. Rc3 Kc5 36. Ke3 Rd8 37. Rc1 exf3 38. exf3 Kb4
39. Rb1 Re8+ 40. Kf2 Ra8 41. Ke3 Ra3 42. f4 Rxb3+ 43. Rxb3+ Kxb3 44. Kd4
Bf3 45. Ne3 Kb4 46. Nd5+ Ka5 47. Nf6 h5 48. c5 Kb5 49. Nd7 Bc6 50. Ne5 Be8
51. Kd5 Ka6 52. c6 Kb6 53. Kd6 h4 54. c7 Kb7 55. Ke7 hxg3 56. hxg3 Bb5 57.
Kd8 { Black resigns } 1-0

[Event "ICC tourney 2395 (75 10)"]
[Site "Internet Chess Club"]
[Date "2021.02.20"]
[Round "3"]
[White "Paladin51"]
[Black "Yakshwag"]
[Result "1-0"]
[ICCResult "Black resigns"]
[WhiteElo "1524"]
[BlackElo "1382"]
[Opening "King's Indian: East Indian defense"]
[ECO "A48"]
[NIC "QP.06"]
[Time "18:01:28"]
[PlyCount "97"]
[TimeControl "4500+10"]

1. d4 Nf6 2. Nf3 g6 3. Nbd2 d5 4. e3 Bg7 5. Bd3 O-O 6. O-O Nc6 7. b3 Re8 8.
Bb2 a6 9. a3 e6 10. c4 Nd7 11. cxd5 exd5 12. Qc2 Nf6 13. Rac1 Bd7 14. Ne5
Rc8 15. Nxc6 Bxc6 16. Bxa6 h5 17. Be2 Kh7 18. Bf3 Qd6 19. Qc5 Qd7 20. Qc2
Qd6 21. h3 Rh8 22. e4 dxe4 23. Nxe4 Qf4 24. Nxf6+ Bxf6 25. Bxc6 bxc6 26.
Qxc6 g5 27. Rce1 Kg7 28. Qe4 Qd6 29. b4 Rcg8 30. g3 Rh6 31. Rc1 Rg6 32. Rc6
Qd7 33. Kg2 g4 34. h4 Re8 35. Qc2 Qd5+ 36. Kh2 Qf3 37. d5 Re2 38. Bxf6+ Kh7
39. Qc5 Rxf6 40. Rxf6 Qxf6 41. b5 Qf3 42. a4 f5 43. Qxc7+ Kg6 44. Qd6+ Kf7
45. Qf4 Qxd5 46. Rc1 Re4 47. Rc7+ Ke6 48. Qh6+ Ke5 49. Qg7+ { Black resigns
} 1-0

[Event "ICC tourney 2395 (75 10)"]
[Site "Internet Chess Club"]
[Date "2021.02.20"]
[Round "3"]
[White "RatislavK"]
[Black "skilledwolf"]
[Result "1/2-1/2"]
[ICCResult "Game drawn because neither player has mating material"]
[WhiteElo "1482"]
[BlackElo "1531"]
[Opening "Two knights defense"]
[ECO "C58"]
[NIC "KP.01"]
[Time "18:01:25"]
[PlyCount "154"]
[TimeControl "4500+10"]

1. e4 e5 2. Nf3 Nc6 3. Bc4 Nf6 4. Ng5 d5 5. exd5 Na5 6. Bb5+ c6 7. dxc6
bxc6 8. Bd3 h6 9. Ne4 Be7 10. Nxf6+ Bxf6 11. Be4 O-O 12. d3 Rb8 13. O-O Be7
14. a3 Qc7 15. b4 Nb7 16. Bb2 Rd8 17. Qf3 c5 18. c3 Nd6 19. Rd1 c4 20. Bd5
cxd3 21. Nd2 Bb7 22. Bxb7 Qxb7 23. Qxd3 Bg5 24. Qe2 f6 25. Nf3 Rbc8 26. h4
e4 27. hxg5 exf3 28. Qxf3 Qxf3 29. gxf3 Nc4 30. Rxd8+ Rxd8 31. Bc1 Rd1+ 32.
Kg2 fxg5 33. a4 Kf7 34. Kg3 Ke6 35. f4 gxf4+ 36. Kxf4 g5+ 37. Kf3 Kf5 38.
Ke2 Rh1 39. Bb2 Rh3 40. Rb1 Ke4 41. Ba1 g4 42. Rg1 h5 43. a5 Rd3 44. Rh1
Rd2+ 45. Ke1 Ra2 46. Rxh5 Rxa1+ 47. Ke2 Ra2+ 48. Kf1 Ne5 49. Kg2 Rc2 50.
Rh7 Nc6 51. a6 Rxc3 52. b5 Nd4 53. Rxa7 Nxb5 54. Rb7 Nc7 55. a7 Kf4 56.
Rxc7 Ra3 57. Kf1 Kf3 58. Rf7+ Ke4 59. Rg7 Kf5 60. Ke2 Kf4 61. Kd2 Kf3 62.
Rf7+ Kg2 63. Kc2 Ra2+ 64. Kb3 Rxa7 65. Rxa7 Kxf2 66. Rf7+ Ke3 67. Re7+ Kf3
68. Rf7+ Ke3 69. Re7+ Kf3 70. Kc3 g3 71. Kd2 g2 72. Rf7+ Kg3 73. Ke2 g1=Q
74. Rg7+ Kh2 75. Rh7+ Kg2 76. Rg7+ Kh1 77. Rxg1+ Kxg1 { Game drawn because
neither player has mating material } 1/2-1/2

[Event "ICC tourney 2395 (75 10)"]
[Site "Internet Chess Club"]
[Date "2021.02.20"]
[Round "3"]
[White "ruhanv"]
[Black "jacobsperber"]
[Result "0-1"]
[ICCResult "White checkmated"]
[WhiteElo "1245"]
[BlackElo "1447"]
[Opening "Queen's pawn: London system"]
[ECO "A45"]
[NIC "QP.07"]
[Time "18:01:30"]
[PlyCount "186"]
[TimeControl "4500+10"]

1. d4 Nf6 2. Bf4 g6 3. Nc3 Bg7 4. e4 O-O 5. Bh6 Bxh6 6. Nf3 d6 7. h3 Nbd7
8. g4 Bg7 9. Qd2 c5 10. Bg2 cxd4 11. Nxd4 Nc5 12. O-O-O Ne6 13. Nde2 Bd7
14. f4 Qa5 15. g5 Nh5 16. Rhf1 Rac8 17. f5 Bxc3 18. Nxc3 Nef4 19. f6 Qxg5
20. fxe7 Rfe8 21. Rg1 Rxc3 22. bxc3 Ne2+ 23. Kb2 Qxd2 24. Rxd2 Nxg1 25. e5
Rxe7 26. exd6 Re2 27. Rxe2 Nxe2 28. Bxb7 f5 29. c4 Nd4 30. c3 Nc6 31. c5 f4
32. Ba6 f3 33. Bc4+ Kf8 34. Bd5 f2 35. Bg2 Ng3 36. h4 f1=Q 37. Bxf1 Nxf1
38. Kc2 h6 39. Kd3 g5 40. hxg5 hxg5 41. Ke2 Ng3+ 42. Kf3 Nf5 43. Kg4 Ne3+
44. Kxg5 Nd5 45. c4 Ne3 46. Kf4 Nxc4 47. Ke4 Kf7 48. Kd5 N4a5 49. a3 Kf6
50. Ke4 Ke6 51. Kd3 Kd5 52. Kc3 Kxc5 53. a4 Kxd6 54. Kb2 Kc5 55. Kc3 Be6
56. Kb2 Kb4 57. Kc2 Kxa4 58. Kb2 Kb4 59. Kc2 Bf5+ 60. Kb2 Nc4+ 61. Ka2 a5
62. Ka1 a4 63. Ka2 Kb5 64. Ka1 Ka5 65. Ka2 Nb4+ 66. Ka1 Nc2+ 67. Ka2 N2e3
68. Ka1 Be6 69. Kb1 Kb4 70. Ka1 Kb3 71. Kb1 Bf5+ 72. Ka1 Nc2+ 73. Kb1 N4a3+
74. Kc1 Nb4 75. Kd2 Kb2 76. Ke3 Nc4+ 77. Kd4 a3 78. Kxc4 a2 79. Kxb4 a1=Q
80. Kc5 Qa4 81. Kd5 Qb4 82. Ke5 Qc4 83. Kf6 Qe6+ 84. Kg5 Bh7 85. Kf4 Kc3
86. Kf3 Qe5 87. Kg4 Qf6 88. Kg3 Qf5 89. Kg2 Qf4 90. Kg1 Qf3 91. Kh2 Qg4 92.
Kh1 Be4+ 93. Kh2 Qg2# { White checkmated } 0-1

[Event "ICC tourney 2395 (75 10)"]
[Site "Internet Chess Club"]
[Date "2021.02.21"]
[Round "4"]
[White "Florina12345"]
[Black "Kokosnuss1000"]
[Result "1-0"]
[ICCResult "Black checkmated"]
[WhiteElo "1369"]
[BlackElo "1450"]
[Opening "Scotch opening"]
[ECO "C44"]
[NIC "KP.10"]
[Time "11:02:10"]
[PlyCount "53"]
[TimeControl "4500+10"]

1. e4 e5 2. Nf3 Nc6 3. d4 d6 4. dxe5 dxe5 5. Qxd8+ Kxd8 6. Bc4 Ke8 7. Nc3
Nf6 8. Bg5 Bb4 9. Bxf6 gxf6 10. a3 Ba5 11. b4 Bb6 12. Nd5 Nd4 13. Nxd4 Bxd4
14. c3 c6 15. Nxf6+ Ke7 16. cxd4 Kxf6 17. dxe5+ Kxe5 18. Bxf7 Kxe4 19. f3+
Ke3 20. O-O Rf8 21. Rfe1+ Kd2 22. Rad1+ Kc2 23. Ba2 Kb2 24. Re2+ Kxa3 25.
Rb1 Rf5 26. Bc4 Bd7 27. Ra2# { Black checkmated } 1-0

[Event "ICC tourney 2395 (75 10)"]
[Site "Internet Chess Club"]
[Date "2021.02.21"]
[Round "4"]
[White "sganzb00"]
[Black "Deepbrainfinal"]
[Result "0-1"]
[ICCResult "White checkmated"]
[WhiteElo "1461"]
[BlackElo "1415"]
[Opening "Sicilian: Najdorf"]
[ECO "B90"]
[NIC "SI.14"]
[Time "11:02:12"]
[PlyCount "62"]
[TimeControl "4500+10"]

1. e4 c5 2. Nf3 d6 3. d4 cxd4 4. Nxd4 Nf6 5. Nc3 a6 6. a3 e6 7. Bc4 Be7 8.
O-O O-O 9. Bg5 Qc7 10. Bb3 Nc6 11. Nf3 Bd7 12. Qd2 Rad8 13. Rad1 Na5 14.
Ba2 Nc4 15. Qc1 b5 16. Bf4 e5 17. Bg3 Nxa3 18. Bh4 Nc4 19. Bxc4 Qxc4 20.
Bxf6 Bxf6 21. Nd5 Qxe4 22. Nxf6+ gxf6 23. Rxd6 Be6 24. Rxa6 Qg6 25. Kh1 Kh8
26. Rd1 Rg8 27. Rg1 Bd5 28. Qe3 Bb7 29. Rb6 Rd1 30. Nh4 Qxg2+ 31. Nxg2
Bxg2# { White checkmated } 0-1

[Event "ICC tourney 2395 (75 10)"]
[Site "Internet Chess Club"]
[Date "2021.02.21"]
[Round "4"]
[White "EricCheng-131"]
[Black "khriskruel"]
[Result "0-1"]
[ICCResult "White resigns"]
[WhiteElo "1340"]
[BlackElo "1440"]
[Opening "Sicilian: Najdorf, Opocensky variation"]
[ECO "B92"]
[NIC "SI.10"]
[Time "11:02:15"]
[PlyCount "80"]
[TimeControl "4500+10"]

1. e4 c5 2. Nf3 d6 3. d4 cxd4 4. Nxd4 Nf6 5. Nc3 a6 6. Be2 Nc6 7. O-O e6 8.
Be3 Be7 9. Qd2 O-O 10. Rad1 Qc7 11. f4 Nd7 12. f5 Nde5 13. fxe6 Bxe6 14.
Nxe6 fxe6 15. b3 b5 16. Bg5 Rad8 17. Rxf8+ Rxf8 18. Bxe7 Qxe7 19. Qxd6 Qxd6
20. Rxd6 b4 21. Na4 a5 22. Rxe6 Nd4 23. Bc4 Nxe6 24. Bxe6+ Kh8 25. c3 bxc3
26. Nxc3 Nd3 27. Bc4 Nc1 28. a3 g6 29. b4 axb4 30. axb4 Rc8 31. Bd5 Rxc3
32. b5 Rc8 33. e5 Rf8 34. Bf3 Re8 35. b6 Rxe5 36. Bc6 Rf5 37. Bf3 Rf8 38.
b7 Nb3 39. Bd5 Nc5 40. b8=Q Rxb8 { White resigns } 0-1

[Event "ICC tourney 2395 (75 10)"]
[Site "Internet Chess Club"]
[Date "2021.02.21"]
[Round "4"]
[White "skilledwolf"]
[Black "michaelxiao"]
[Result "1-0"]
[ICCResult "Black checkmated"]
[WhiteElo "1531"]
[BlackElo "1310"]
[Opening "French: Tarrasch, open variation"]
[ECO "C07"]
[NIC "FR.18"]
[Time "11:02:14"]
[PlyCount "85"]
[TimeControl "4500+10"]

1. e4 e6 2. d4 d5 3. Nd2 c5 4. c3 cxd4 5. cxd4 Nc6 6. Ngf3 Bb4 7. e5 Qb6 8.
a3 Bxd2+ 9. Qxd2 Nge7 10. b4 Bd7 11. Bb2 Rc8 12. Bd3 Nf5 13. Bxf5 exf5 14.
O-O Ne7 15. Rac1 O-O 16. Ng5 Ng6 17. Nh3 h6 18. Nf4 a6 19. Nxd5 Qe6 20. Nf4
Nxf4 21. Qxf4 Qb3 22. Qd2 f4 23. f3 h5 24. Rc3 Rxc3 25. Qxc3 Qe6 26. Qd2
Qf5 27. d5 Rc8 28. Rc1 Rxc1+ 29. Qxc1 Qg5 30. Kh1 h4 31. h3 Qg3 32. Qf1 Bb5
33. Qg1 Be2 34. e6 fxe6 35. dxe6 Bxf3 36. gxf3 Qxh3+ 37. Qh2 Qf1+ 38. Qg1
Qh3+ 39. Qh2 Qf1+ 40. Qg1 Qxf3+ 41. Qg2 Qd1+ 42. Kh2 f3 43. Qxg7# { Black
checkmated } 1-0

[Event "ICC tourney 2395 (75 10)"]
[Site "Internet Chess Club"]
[Date "2021.02.21"]
[Round "4"]
[White "yogokings12"]
[Black "LOCHAR"]
[Result "1-0"]
[ICCResult "Black resigns"]
[WhiteElo "1574"]
[BlackElo "1554"]
[Opening "Pirc defense"]
[ECO "B07"]
[NIC "PU.08"]
[Time "11:02:12"]
[PlyCount "37"]
[TimeControl "4500+10"]

1. e4 d6 2. d4 Nf6 3. Nc3 Nbd7 4. Be3 e5 5. Nf3 Be7 6. Bc4 O-O 7. O-O c6 8.
Bb3 h6 9. h3 Re8 10. dxe5 Nxe5 11. Nxe5 dxe5 12. Qf3 b5 13. Qg3 b4 14. Qg6
bxc3 15. Bxf7+ Kh8 16. Rad1 Bd7 17. Bxh6 Bf8 18. Bg5 Be7 19. Bxf6 { Black
resigns } 1-0

[Event "ICC tourney 2395 (75 10)"]
[Site "Internet Chess Club"]
[Date "2021.02.21"]
[Round "4"]
[White "jacobsperber"]
[Black "RatislavK"]
[Result "0-1"]
[ICCResult "White resigns"]
[WhiteElo "1447"]
[BlackElo "1482"]
[Opening "QGD Slav defense"]
[ECO "D10"]
[NIC "SL.01"]
[Time "11:02:15"]
[PlyCount "46"]
[TimeControl "4500+10"]

1. d4 d5 2. c4 c6 3. Nc3 Nf6 4. Bg5 e6 5. e3 Bb4 6. a3 Bxc3+ 7. bxc3 Qa5 8.
Qb3 dxc4 9. Bxc4 Qxg5 10. Ne2 Ne4 11. Nf4 O-O 12. Nxe6 Bxe6 13. Bxe6 Qxg2
14. O-O-O fxe6 15. Rdg1 Qxf2 16. Qxe6+ Qf7 17. Qxe4 Nd7 18. Rf1 Nf6 19. Qd3
Qb3 20. e4 Rae8 21. e5 Qxa3+ 22. Kc2 Nd5 23. Ra1 Rf2+ { White resigns } 0-1

[Event "ICC tourney 2395 (75 10)"]
[Site "Internet Chess Club"]
[Date "2021.02.21"]
[Round "4"]
[White "hello12"]
[Black "Jesserocks135"]
[Result "1-0"]
[ICCResult "Black resigns"]
[WhiteElo "1423"]
[BlackElo "1364"]
[Opening "Sicilian: Grand Prix attack"]
[ECO "B23"]
[NIC "SI.44"]
[Time "11:03:03"]
[PlyCount "129"]
[TimeControl "4500+10"]

1. e4 c5 2. Nc3 Nc6 3. f4 g6 4. Bb5 Bg7 5. Nf3 d6 6. Bxc6+ bxc6 7. d3 Nf6
8. O-O O-O 9. Qe1 Qc7 10. Qh4 Bg4 11. f5 Bxf3 12. Rxf3 Qd7 13. Bh6 Rab8 14.
g4 Bxh6 15. Qxh6 Nxg4 16. Qg5 Nf6 17. h4 Kg7 18. Kf2 h6 19. Qg2 Rxb2 20.
Rc1 Rg8 21. Ne2 Kf8 22. Rg3 d5 23. Nf4 dxe4 24. fxg6 e3+ 25. Ke2 fxg6 26.
Rxg6 Rxg6 27. Nxg6+ Ke8 28. Ne5 Qe6 29. Nxc6 Qg4+ 30. Qxg4 Nxg4 31. Nxa7
Rxa2 32. Nb5 Kd7 33. Nc3 Ra6 34. Ne4 Rc6 35. Rg1 Ne5 36. Kxe3 c4 37. d4 Nf7
38. Nc5+ Kd8 39. Kd2 Ne5 40. Nb7+ Kc7 41. dxe5 Kxb7 42. Kc3 Re6 43. Re1 Kc7
44. Kxc4 Rc6+ 45. Kd3 Kd7 46. c4 Ke6 47. Kc3 Ra6 48. Rg1 Kxe5 49. Kb4 Rf6
50. Re1+ Kd6 51. c5+ Kd7 52. Kb5 Rf5 53. Rd1+ Kc7 54. Rc1 e5 55. Kc4 Kc6
56. Kd3 Rf4 57. Rc4 Rxc4 58. Kxc4 h5 59. Kb4 Kd5 60. Kb5 e4 61. c6 e3 62.
c7 e2 63. c8=Q e1=Q 64. Qd8+ Ke6 65. Qe8+ { Black resigns } 1-0

[Event "ICC tourney 2395 (75 10)"]
[Site "Internet Chess Club"]
[Date "2021.02.21"]
[Round "4"]
[White "Fredzhang"]
[Black "Paladin51"]
[Result "0-1"]
[ICCResult "White checkmated"]
[WhiteElo "1499"]
[BlackElo "1524"]
[Opening "Sicilian defense"]
[ECO "B40"]
[NIC "SI.43"]
[Time "11:02:11"]
[PlyCount "74"]
[TimeControl "4500+10"]

1. e4 c5 2. Nf3 e6 3. Bc4 d5 4. exd5 exd5 5. Bb5+ Nc6 6. Bxc6+ bxc6 7. d4
Nf6 8. Bg5 h6 9. Bxf6 Qxf6 10. O-O Bg4 11. Re1+ Be7 12. Nbd2 O-O 13. h3 Bh5
14. Qe2 Bd6 15. dxc5 Bxc5 16. Qe4 dxe4 17. Nxe4 Bxf2+ 18. Nxf2 Bxf3 19.
gxf3 Qxf3 20. Rad1 Rad8 21. Rd3 Rxd3 22. Nxd3 Qg3+ 23. Kf1 Qxh3+ 24. Ke2
Re8+ 25. Kd2 Qg2+ 26. Kc1 Rxe1+ 27. Nxe1 Qe2 28. Nd3 h5 29. b3 h4 30. Kb2
h3 31. Nf4 Qe5+ 32. c3 Qxf4 33. Ka3 h2 34. b4 h1=Q 35. Kb3 Qd5+ 36. Kc2
Qxa2+ 37. Kd3 Qad2# { White checkmated } 0-1

[Event "ICC tourney 2395 (75 10)"]
[Site "Internet Chess Club"]
[Date "2021.02.21"]
[Round "4"]
[White "akshajp"]
[Black "jojoraman"]
[Result "1-0"]
[ICCResult "Black checkmated"]
[WhiteElo "1392"]
[BlackElo "1379"]
[Opening "Queen's pawn: Chigorin variation"]
[ECO "D00"]
[NIC "QP.08"]
[Time "11:02:11"]
[PlyCount "99"]
[TimeControl "4500+10"]

1. d4 d5 2. Nc3 Bf5 3. Bf4 e6 4. a3 Nf6 5. Nf3 c5 6. e3 Nc6 7. Bb5 Qb6 8.
Bxc6+ bxc6 9. Rb1 Qa5 10. O-O cxd4 11. Nxd4 Rc8 12. Nxf5 exf5 13. Re1 Be7
14. f3 O-O 15. Qd3 g6 16. Kh1 Rfd8 17. Qe2 Re8 18. e4 Bd8 19. Qd3 fxe4 20.
fxe4 Ng4 21. Qg3 Nf6 22. exd5 Rxe1+ 23. Rxe1 cxd5 24. Be5 Ne4 25. Nxe4 dxe4
26. Bc3 Qf5 27. Qe3 Rc4 28. Qe2 Qd5 29. Rd1 Qg5 30. Qxc4 e3 31. Qd5 Be7 32.
Qxg5 e2 33. Qd5 exd1=Q+ 34. Qxd1 f6 35. Qd5+ Kg7 36. Qd7 Kf8 37. Qxa7 f5
38. Bb4 Bxb4 39. axb4 f4 40. b5 f3 41. b6 f2 42. Qa8+ Kf7 43. Qf3+ Ke7 44.
b7 Kd7 45. b8=Q f1=Q+ 46. Qxf1 g5 47. Qd3+ Kc6 48. Qc8+ Kb6 49. Qb3+ Ka7
50. Qcb7# { Black checkmated } 1-0

[Event "ICC tourney 2395 (75 10)"]
[Site "Internet Chess Club"]
[Date "2021.02.21"]
[Round "4"]
[White "sassymareese"]
[Black "Yakshwag"]
[Result "1/2-1/2"]
[ICCResult "Game drawn by mutual agreement"]
[WhiteElo "1380"]
[BlackElo "1382"]
[Opening "Sicilian: Taimanov variation"]
[ECO "B46"]
[NIC "SI.39"]
[Time "11:02:52"]
[PlyCount "101"]
[TimeControl "4500+10"]

1. e4 c5 2. Nf3 Nc6 3. d4 cxd4 4. Nxd4 e6 5. Nc3 a6 6. Bc4 Qc7 7. O-O Nf6
8. Be3 Be7 9. f4 d6 10. Kh1 O-O 11. a4 Rd8 12. Bb3 Bd7 13. Nxc6 Bxc6 14.
Qf3 d5 15. exd5 exd5 16. Bd4 Ne4 17. Nxe4 dxe4 18. Qe3 Rd7 19. Rad1 Rad8
20. Kg1 Bc5 21. c3 Bxd4 22. cxd4 Qb6 23. Rf2 Qb4 24. Rfd2 Bd5 25. Bxd5 Rxd5
26. Qxe4 Qxa4 27. Qc2 Qd7 28. Qc3 h6 29. Qf3 Qa4 30. Qc3 b5 31. Qa3 Qxa3
32. bxa3 Kf8 33. Kf2 Ke7 34. Kf3 f5 35. Re1+ Kf6 36. Red1 g5 37. fxg5+ hxg5
38. h3 Re8 39. Re2 g4+ 40. hxg4 fxg4+ 41. Kf2 g3+ 42. Ke1 Red8 43. Red2 Kf5
44. Ke2 Ke4 45. Rd3 Kf4 46. Rf3+ Kg4 47. Rdd3 Rxd4 48. Rxg3+ Kf5 49. Rgf3+
Ke5 50. Rfe3+ Kf6 51. Rf3+ { Game drawn by mutual agreement } 1/2-1/2

[Event "ICC tourney 2395 (75 10)"]
[Site "Internet Chess Club"]
[Date "2021.02.21"]
[Round "4"]
[White "FlowingMelody"]
[Black "niftyfountain"]
[Result "1/2-1/2"]
[ICCResult "Game drawn by mutual agreement"]
[WhiteElo "1402"]
[BlackElo "1330"]
[Opening "Sicilian: modern Scheveningen, main line"]
[ECO "B58"]
[NIC "SI.22"]
[Time "11:02:11"]
[PlyCount "84"]
[TimeControl "4500+10"]

1. e4 c5 2. Nf3 d6 3. d4 cxd4 4. Nxd4 Nf6 5. Nc3 Nc6 6. Be2 e6 7. O-O Be7
8. Be3 O-O 9. f4 a6 10. a4 Bd7 11. Kh1 Nxd4 12. Bxd4 Bc6 13. Bf3 d5 14.
exd5 Nxd5 15. Nxd5 Bxd5 16. Bc3 Bxf3 17. Qxf3 Qc7 18. Qg4 g6 19. f5 exf5
20. Rxf5 Qd7 21. Rxf7 Qxg4 22. Rg7+ Kh8 23. Rxg6+ Bf6 24. Bxf6+ Rxf6 25.
Rxg4 Rf2 26. Rc4 Raf8 27. g3 Re2 28. Rd1 Rff2 29. Rd8+ Kg7 30. Rc7+ Kg6 31.
Rd6+ Kg5 32. Rc5+ Rf5 33. Rxf5+ Kxf5 34. Rd7 Rxc2 35. Rxb7 Kg4 36. Rg7+ Kf3
37. Rf7+ Kg4 38. Rf4+ Kg5 39. Kg1 Rxb2 40. Rf2 Rb4 41. Ra2 Kg4 42. Kg2 a5 {
Game drawn by mutual agreement } 1/2-1/2